 Dungeon Crawl Stone Soup version 0.16-a0-1196-ged0958e (webtiles) character file.

1856 Bubba the Magician (level 9, -4/45 HPs)
             Began as an Octopode Earth Elementalist on Oct 11, 2014.
             Was a Priest of Vehumet.
             Slain by Grum
             ... wielding a -2 spear
              (10 damage)
             ... on level 8 of the Dungeon.
             The game lasted 00:51:00 (8928 turns).

Bubba the Magician (Octopode Earth Elementalist)    Turns: 8928, Time: 00:51:00

Health: -4/45      AC:  1    Str:  8    XL:     9   Next: 13%
Magic:  4/23       EV: 11    Int: 19    God:    Vehumet [***...]
Gold:   153        SH:  4    Dex: 15    Spells: 6 memorised, 6 levels left

rFire  . . .     SeeInvis .     z - +1 short sword (elec)
rCold  . . .     Clarity  .     B - +0 buckler
rNeg   . . .     SustAb   .     (helmet restricted)
rPois  .         Gourm    .     (no amulet)
rElec  .         Spirit   .     (no ring)
rCorr  .         Warding  .     (no ring)
rMut   .         Stasis   .     (no ring)
MR     .....                    (no ring)
Stlth  +++.......               (no ring)
                                (no ring)
                                (no ring)
                                (no ring)

@: not resistant to hostile enchantments, fairly stealthy
A: almost no armour, amphibious, 8 rings, constrict 8, tentacle spike 1,
camouflage 1, clever 1, frail 1, gelatinous body 1
a: Renounce Religion


You were on level 8 of the Dungeon.
You worshipped Vehumet.
Vehumet was most pleased with you.
You were not hungry.

You visited 2 branches of the dungeon, and saw 9 of its levels.

You collected 243 gold pieces.
You spent 90 gold pieces at shops.

Inventory:

Hand weapons
 f - a +0 short sword
 j - a +4 short sword of speed
 l - a +0 vampiric hand axe
 p - a +1 dagger of speed
 t - a +2 mace of protection
 w - a +0 blowgun
 z - a +1 short sword of electrocution (weapon)
 D - a +2 dagger of draining
 F - a +1 vampiric falchion
Missiles
 b - 297 stones (quivered)
 c - 6 tomahawks
 h - 19 poisoned sling bullets
 m - 16 exploding sling bullets
 r - 4 curare-tipped needles
 x - 34 poisoned needles
 H - 5 javelins
Armour
 B - a +0 buckler (worn)
Magical devices
 s - a wand of digging (16)
 u - a wand of polymorph (13)
 G - a wand of slowing (27)
 K - a wand of paralysis (12)
Comestibles
 a - 7 bread rations
 n - a rotting chunk of rat flesh
 A - a meat ration
 C - 2 chunks of worker ant flesh
Scrolls
 e - 6 scrolls of identify
 v - a scroll of remove curse
 y - a scroll of enchant weapon
Jewellery
 i - an uncursed ring of sustain abilities
Potions
 g - a potion of porridge
 o - a potion of might
Books
 d - a book of Geomancy

   Spells                             Type                      Level
   *Sandblast                         Earth                        1
   *Stoneskin                         Transmutation/Earth          2
   *Passwall                          Transmutation/Earth          3
   *Stone Arrow                       Conjuration/Earth            3
   *Petrify                           Transmutation/Earth          4
   Lee's Rapid Deconstruction         Earth                        5
 E - a book of Dreams

   Spells                             Type                      Level
   Ensorcelled Hibernation            Hexes/Ice                    2
   Flight                             Charms/Air                   3
   Phase Shift                        Translocation                5
   Shadow Creatures                   Summoning                    5
   Mass Confusion                     Hexes                        6
   Darkness                           Hexes                        7


   Skills:
 + Level 1.6 Short Blades
 - Level 2.0 Dodging
 - Level 2.6 Stealth
 + Level 0.6 Shields
 + Level 6.8 Spellcasting
 + Level 5.5 Conjurations
 * Level 2.4 Transmutations
 + Level 1.0 Ice Magic
 + Level 6.6 Earth Magic
 + Level 0.2 Evocations


You had 6 spell levels left.
You knew the following spells:

 Your Spells              Type           Power        Failure   Level  Hunger
a - Sandblast             Erth           ####..       1%          1    None
b - Stoneskin             Trmt/Erth      ###.....     2%          2    None
c - Stone Arrow           Conj/Erth      ####..       1%          3    ##.....
d - Passwall              Trmt/Erth      ###.......   6%          3    ##.....
e - Throw Frost           Conj/Ice       ###...       1%          2    None
f - Petrify               Trmt/Erth      ###.....     21%         4    ###....


Dungeon Overview and Level Annotations

Branches:
Dungeon (8/15)             Temple (1/1) D:5
   Lair: D:8-11

Altars:
Ashenzari
Cheibriados
Dithmenos
Elyvilon
Gozag
Kikubaaqudgha
Makhleb
Nemelex Xobeh
Okawaru
Ru
Sif Muna
Vehumet
Xom
Zin
The Shining One

Shops:
D:5 ?

Annotations:
D:8 Grum


Innate Abilities, Weirdness & Mutations

You cannot wear most types of armour.
You are amphibious.
You can wear up to eight rings at the same time.
You can use your tentacles to constrict many enemies at once.
Your skin changes colour to match your surroundings (Stealth).
Your rubbery body absorbs attacks (AC +1).
One of your tentacles bears a spike.
Your mind is acute. (Int +2)
You are frail (-10% HP).


Message History

Aiming: Stone Arrow
Press: ? - help, Shift-Dir - straight line, f/p - wolf
Aim: a wolf (heavily wounded)
The stone arrow misses the wolf. x2
The wolf bites you! The wolf misses you.
Read which item? (? for menu, Esc to quit)
As you read the scroll of fog, it crumbles to dust.
The scroll dissolves into smoke.
The wolf barely misses you. The wolf misses you. The wolf bites you.
The wolf barely misses you.
Read which item? (? for menu, Esc to quit)
Okay, then.
Read which item? (? for menu, Esc to quit)
As you read the scroll labeled JYALOS JYEM, it crumbles to dust.
You hear a loud clanging noise!
It was a scroll of noise.
The wolf bites you!
* * * LOW HITPOINT WARNING * * *
Grum hits you from afar with a spear!
You die...

#..'.._.≈#....
#.##≈...≈#.... #.#
≈≈≈≈≈#....
#.########....
#####.#.#.....#.##
#.....#.###.###.#
#.#####.........#
#§# #####.#####
#@# #...#.# #h#
#.#.#.###### #g#
#.#<#....... #§#
#.########## #§#
#........... #g#
###########. #h#
#. #.......h.hg.
#. ####...$.... #.


You could see Grum and a wolf.

Vanquished Creatures
  A spriggan (D:7)
  A black bear (D:7)
  An ice beast (D:8)
  A sky beast (D:5)
  A phantom (D:4)
  Duvessa (D:6)
  A centaur (D:5)
  A giant frog (D:6)
  2 scorpions
  5 killer bees (D:8)
  Dowan (D:6)
  2 crimson imps
  A centaur zombie (D:7)
  2 giant frog skeletons
  4 hounds
  5 orc wizards
  3 iguanas
  4 worker ants
  Ijyb (D:4)
  A sky beast zombie (D:7)
  A hound skeleton (D:4)
  6 adders
  A shadow imp (D:6)
  A worm (D:3)
  An adder skeleton (D:4)
  An adder zombie (D:7)
  2 giant geckos
  3 oozes
  18 orcs
  2 ball pythons
  2 giant cockroaches
  5 hobgoblins
  2 jackals (D:6)
  17 kobolds
  4 quokkas
  8 bats
  6 giant newts
  A giant spore (D:7)
  12 goblins
  2 jackal zombies
  15 rats
  2 ballistomycetes (D:7)
151 creatures vanquished.

Vanquished Creatures (others)
  A hobgoblin (D:2)
  A quokka (D:2)
2 creatures vanquished.

Grand Total: 153 creatures vanquished

Notes
Turn   | Place    | Note
--------------------------------------------------------------
     0 | D:1      | Bubba, the Octopode Earth Elementalist, began the quest for the Orb.
     0 | D:1      | Reached XP level 1. HP: 11/11 MP: 3/3
   175 | D:1      | Reached XP level 2. HP: 17/17 MP: 0/4
   531 | D:1      | Learned a level 2 spell: Stoneskin
  1076 | D:2      | Found a radiant altar of Vehumet.
  1115 | D:2      | Found a shattered altar of Ashenzari.
  1119 | D:2      | Found an opulent altar of Gozag.
  1122 | D:2      | Found a white marble altar of Elyvilon.
  1163 | D:2      | Reached XP level 3. HP: 16/21 MP: 3/6
  1209 | D:2      | Learned a level 3 spell: Stone Arrow
  1683 | D:2      | Reached XP level 4. HP: 27/27 MP: 7/9
  1864 | D:2      | Became a worshipper of Vehumet
  1951 | D:3      | Reached skill level 4 in Earth Magic
  2008 | D:3      | Noticed an ice beast
  2042 | D:4      | Gained mutation: You are frail (-10% HP). [potion of mutation]
  2042 | D:4      | Gained mutation: Your mind is acute. (Int +2) [potion of mutation]
  2042 | D:4      | Gained mutation: One of your tentacles bears a spike. [potion of mutation]
  2363 | D:4      | Noticed Ijyb
  2368 | D:4      | Killed Ijyb
  2414 | D:4      | Reached XP level 5. HP: 25/27 MP: 1/12
  2619 | D:4      | Reached skill level 1 in Short Blades
  2873 | D:4      | Acquired Vehumet's first power
  2873 | D:4      | Offered knowledge of Freeze by Vehumet.
  2895 | D:4      | Learned a level 3 spell: Passwall
  2995 | D:4      | Reached XP level 6. HP: 29/32 MP: 0/15
  3215 | D:4      | Reached skill level 1 in Conjurations
  3473 | D:4      | Reached skill level 5 in Earth Magic
  3808 | D:4      | Found a deep blue altar of Sif Muna.
  3896 | D:5      | Entered Level 5 of the Dungeon
  3926 | D:5      | Found Yhuc's Magic Scroll Boutique.
  3950 | D:5      | Bought a scroll of enchant weapon for 90 gold pieces
  3980 | D:5      | Found a staircase to the Ecumenical Temple.
  3996 | Temple   | Entered the Ecumenical Temple
  4146 | D:5      | Reached XP level 7. HP: 16/36 MP: 11/18
  4645 | D:5      | Reached skill level 5 in Spellcasting
  4850 | D:5      | Offered knowledge of Throw Frost by Vehumet.
  4854 | D:5      | Learned a level 2 spell: Throw Frost
  4866 | D:5      | Learned a level 4 spell: Petrify
  5272 | D:5      | Found a burning altar of Makhleb.
  5976 | D:6      | Reached XP level 8. HP: 30/41 MP: 13/20
  6236 | D:6      | Noticed Duvessa
  6247 | D:6      | Noticed Dowan
  6251 | D:6      | Killed Duvessa
  6260 | D:6      | Killed Dowan
  6260 | D:6      | Reached skill level 6 in Spellcasting
  6446 | D:6      | Found an iron altar of Okawaru.
  6780 | D:7      | Offered knowledge of Static Discharge by Vehumet.
  7439 | D:7      | Found a snail-covered altar of Cheibriados.
  7588 | D:7      | Reached skill level 1 in Ice Magic
  8191 | D:8      | Acquired Vehumet's second power
  8215 | D:8      | Reached skill level 5 in Conjurations
  8415 | D:8      | Reached XP level 9. HP: 34/45 MP: 3/23
  8895 | D:8      | Found a glowing golden altar of the Shining One.
  8916 | D:8      | Noticed Grum
  8928 | D:8      | Slain by Grum

Action                   |  1- 3 |  4- 6 |  7- 9 || total
-------------------------+-------+-------+-------++-------
Melee: Short sword       |    35 |    67 |    20 ||   122
 Fire: Blowgun           |       |       |    11 ||    11
Throw: Stone             |    17 |     3 |     1 ||    21
 Cast: Sandblast         |    43 |    18 |     6 ||    67
       Stoneskin         |     1 |     1 |     2 ||     4
       Stone Arrow       |     3 |    47 |   107 ||   157
       Passwall          |       |     1 |       ||     1
       Throw Frost       |       |       |    29 ||    29
Evoke: Wand              |       |       |     1 ||     1
  Use: Scroll            |     7 |     3 |     5 ||    15
       Potion            |     5 |     2 |     6 ||    13
 Stab: Sleeping          |     7 |     3 |     3 ||    13
       Distracted        |       |       |     1 ||     1
  Eat: Chunk             |     3 |     5 |    10 ||    18
       Bread ration      |       |     2 |       ||     2
       Meat ration       |       |       |     1 ||     1
       Pizza             |       |       |     1 ||     1
       Beef jerky        |       |       |     1 ||     1
